 Dungeon Crawl Stone Soup version 0.23.0-3-gf3c87f2 (webtiles) character file.

Game seed: 7725299510368640556

184 Kurtz the Ruffian (level 5, -4/41 HPs)
             Began as a Mummy Chaos Knight on Feb 23, 2019.
             Was a Plaything of Xom.
             Slain by a bullfrog zombie (6 damage)
             ... on level 5 of the Dungeon.
             The game lasted 00:02:41 (2800 turns).

Kurtz the Ruffian (Mummy Chaos Knight)              Turns: 2800, Time: 00:02:41

Health: -4/41      AC:  6    Str: 16    XL:     5   Next: 36%
Magic:  5/5        EV: 11    Int: 11    God:    Xom [......]
Gold:   191        SH:  0    Dex: 12    Spells: 4/4 levels left

rFire    x . .     SeeInvis .     - Unarmed
rCold    + + .     Gourm    .   (no shield)
rNeg     + + +     Faith    .   a - +2 leather armour
rPois    ∞         Spirit   .   f - +1 hat
rElec    .         Reflect  .   (no cloak)
rCorr    .         Harm     .   (no gloves)
MR       .....                  (no boots)
Stlth    +.........             (no amulet)
HPRegen  0.13/turn              g - +3 ring of slaying
MPRegen  0.09/turn              j - ring of protection from cold

@: confused, cleaving
A: no food or potions, fire vulnerability, cold resistance 1, negative energy
resistance 3, torment resistance, unbreathing
a: Renounce Religion


You were on level 5 of the Dungeon.
You worshipped Xom.
You were a very special plaything of Xom.
You were not hungry.

You visited 1 branch of the dungeon, and saw 5 of its levels.

You collected 191 gold pieces.

Inventory:

Armour
 a - a +2 leather armour (worn)
 f - a +1 hat (worn)
Jewellery
 b - an uncursed ring of positive energy
 c - an uncursed ring of resist corrosion
 e - an uncursed ring of teleportation
 g - a +3 ring of slaying (left hand)
 j - a ring of protection from cold (right hand)
Scrolls
 d - 2 scrolls of identify
 h - a scroll of fear {unknown}
 i - 2 scrolls of remove curse


   Skills:
 - Level 3.0 Fighting
 - Level 1.5 Armour
 * Level 1.1 Dodging
 * Level 5.0 Unarmed Combat


You had 4 spell levels left.
You didn't know any spells.
Your spell library was empty.

Dungeon Overview and Level Annotations

Branches:
Dungeon (5/15)             Temple (0/1) D:4

Altars:
Gozag
Qazlal
Zin

Annotations:
D:5 Ijyb


Innate Abilities, Weirdness & Mutations

You do not eat or drink.
Your flesh is vulnerable to fire.
You are immune to poison.
Your flesh is cold resistant. (rC+)
You are immune to negative energy. (rN+++)
You are immune to unholy pain and torment.
You can survive without breathing.


Message History

Ijyb shouts!
The bullfrog zombie hits you.
* * * LOW HITPOINT WARNING * * *
The bullfrog zombie hits you.
* * * LOW HITPOINT WARNING * * *
Xom titters.
You are confused.
The howler monkey hits you but does no damage.
The bullfrog zombie misses you.
The howler monkey hoots and howls with incredible vigour!
You bump into the rock wall.
The bullfrog zombie barely misses you. The bullfrog zombie closely misses you.
You're too confused!
You bump into the rock wall.
The bullfrog zombie hits you.
* * * LOW HITPOINT WARNING * * *
Unknown command.
Ijyb screams, "I cut your head off!" The bullfrog zombie hits you.
You die...
Xom titters!

##.
............###
#. .?..##.....#
..##.....#
......?.l#
..####.#g#
#.#.# #.#h#
#.#Z# ..#@#
###.# #.# #.#
#.# #.# ... ...


You could see Ijyb, a howler monkey, an iguana and a bullfrog zombie.

Vanquished Creatures
  An orc wizard (D:5)
  A worker ant (D:4)
  2 adders
  An ooze (D:3)
  3 worms
  3 dart slugs
  3 leopard geckos
  3 orcs
  4 giant cockroaches
  5 goblins
  6 hobgoblins
  A quokka (D:2)
  2 ball pythons
  5 bats
  8 frilled lizards
  4 kobolds
  A quokka skeleton (D:5)
  3 rats
56 creatures vanquished.

Vanquished Creatures (collateral kills)
  A scorpion (D:5)
1 creature vanquished.

Grand Total: 57 creatures vanquished

Notes
Turn   | Place    | Note
-------+----------+-------------------------------------------
     0 | D:1      | Kurtz the Mummy Chaos Knight began the quest for the Orb.
     0 | D:1      | Reached XP level 1. HP: 18/18 MP: 1/1
    98 | D:1      | Reached XP level 2. HP: 24/24 MP: 2/2
   132 | D:1      | Reached skill level 3 in Unarmed Combat
   352 | D:1      | XOM: harmless Hex miscast
   430 | D:2      | XOM: confuse monster(s)
   438 | D:2      | Reached XP level 3. HP: 25/29 MP: 3/3
   556 | D:3      | XOM: stat loss: -1 Int (10/11)
   749 | D:2      | XOM: medium Pois miscast
  1133 | D:2      | Reached skill level 4 in Unarmed Combat
  1348 | D:2      | XOM: medium Air miscast
  1382 | D:2      | Found an opulent altar of Gozag.
  1420 | D:2      | Found a glowing silver altar of Zin.
  1524 | D:2      | Found a faded altar of an unknown god.
  1636 | D:3      | XOM: smoke on damage
  1641 | D:3      | Reached XP level 4. HP: 32/35 MP: 4/4
  1682 | D:3      | Found a stormy altar of Qazlal.
  1766 | D:3      | Reached skill level 1 in Dodging
  1929 | D:3      | Found an opulent altar of Gozag.
  2349 | D:2      | XOM is BORED!
  2410 | D:4      | XOM: god gift: 7 rations
  2460 | D:4      | Found a staircase to the Ecumenical Temple.
  2465 | D:4      | XOM: fog
  2614 | D:4      | XOM: 4-stop teleportation journey
  2713 | D:5      | Entered Level 5 of the Dungeon
  2715 | D:5      | XOM: fog
  2744 | D:5      | XOM: summons friendly quasit
  2750 | D:5      | Reached XP level 5. HP: 22/41 MP: 5/5
  2751 | D:5      | XOM: noise
  2779 | D:5      | Reached skill level 5 in Unarmed Combat
  2787 | D:5      | XOM: cleaving
  2791 | D:5      | Noticed Ijyb
  2794 | D:5      | XOM: confusion
  2798 | D:5      | HP: 2/41 [bullfrog zombie (3)]
  2800 | D:5      | Slain by a bullfrog zombie

Skill      XL: |  1  2  3  4  5 |
---------------+----------------+-----
Unarmed Combat | 3 4 5 |  5.0
Dodging        | 1 |  1.1
Fighting       | |  3.0
Armour         | |  1.5

Action                   |  1- 3 |  4- 6 || total
-------------------------+-------+-------++-------
Melee: Unarmed           |   131 |    65 ||   196
       Punch             |     3 |       ||     3
  Use: Scroll            |     2 |       ||     2
Armor: Leather armour    |    42 |    17 ||    59
Dodge: Dodged            |    69 |    35 ||   104
